 Seeded DCSS version 0.29.1-15-g9cfb28693d (webtiles) character file.

Game seed: 8515177902725472229 (custom seed)

3 valliere the Insei (level 1, 17/17 HPs)
             Began as a Gnoll Transmuter on May 10, 2023.
             Quit the game on level 1 of the Dungeon.
             The game lasted 00:00:26 (177 turns).

valliere the Insei (Gnoll Transmuter)                Turns: 177, Time: 00:00:27

Health: 17/17      AC:  2    Str:  9    XL:     1   Next: 50%
Magic:  5/6        EV: 13    Int: 12    God:
Gold:   0          SH:  0    Dex: 12    Spells: 8/9 levels left

rFire   . . .      SeeInvis .     - Unarmed
rCold   . . .      Faith    .   (no shield)
rNeg    . . .      Spirit   .   a - +0 robe
rPois   .          Reflect  .   (helmet currently unavailable)
rElec   .          Harm     .   (no cloak)
rCorr   .          Rampage  .   (no gloves)
Will    .....                   (boots currently unavailable)
Stlth   +.........              (no amulet)
HPRegen 0.05/turn               (no ring)
MPRegen 0.10/turn               (no ring)

@: appendages (expiring)
A: horns 2, talons 2, fangs 1, strong nose, distributed training
a: End Transformation


You were on level 1 of the Dungeon.
You had temporarily grown beastly horns and talons.
You visited 1 branch of the dungeon, and saw 1 of its levels.

Inventory:

Armour
 a - a +0 robe (worn)
Scrolls
 e - a scroll of acquirement
Potions
 b - a potion of lignification
 c - 2 potions of curing {unknown}


   Skills:
 + Level 2.3 Fighting
 + Level 0.0 Short Blades
 + Level 0.0 Long Blades
 + Level 0.0 Axes
 + Level 0.0 Maces & Flails
 + Level 0.0 Polearms
 + Level 0.0 Staves
 + Level 0.0 Ranged Weapons
 + Level 0.0 Throwing
 + Level 0.0 Armour
 + Level 4.4 Dodging
 + Level 0.0 Stealth
 + Level 0.0 Shields
 + Level 6.4 Unarmed Combat
 + Level 4.8 Spellcasting
 + Level 0.0 Conjurations
 + Level 0.0 Hexes
 + Level 0.0 Summonings
 + Level 0.0 Necromancy
 + Level 0.0 Translocations
 + Level 3.6 Transmutations
 + Level 0.0 Fire Magic
 + Level 0.0 Ice Magic
 + Level 0.0 Air Magic
 + Level 0.0 Earth Magic
 + Level 0.0 Poison Magic
 + Level 0.1 Invocations
 + Level 0.0 Evocations


You had 8 spell levels left.
You knew the following spells:

 Your Spells              Type           Power      Damage    Failure   Level
a - Beastly Appendage     Tmut           22%        N/A       4%          1

Your spell library contained the following spells:

 Spells                   Type           Power      Damage    Failure   Level
 Wereblood                Tmut           11%        N/A       7%          2
 Spider Form              Tmut/Pois      7%         N/A       28%         3
 Ice Form                 Ice/Tmut       7%         N/A       67%         4


Dungeon Overview and Level Annotations

Branches:
Dungeon (1/15)

Altars:


Innate Abilities, Weirdness & Mutations

You have temporarily grown beastly horns and talons.
You have very sharp teeth.
Your uncanny sense of smell can sniff out nearby items.
Your experience applies equally to all skills.


Message History

The bat barely misses you. The bat hits you.
You barely miss the bat. Your kick misses the bat.
Your transformation is almost over.
The bat hits you. The bat barely misses you. The bat closely misses you.
You closely miss the bat. You claw the bat, but do no damage. The bat hits you.
You punch the bat!
You kill the bat!
No target in view!
No target in view!
No target in view!
No target in view!
No target in view!
No target in view!
No target in view!
No target in view!
No target in view!
No target in view!
Your horns disappear.
Your talons disappear.
HP restored.
You see here a rat corpse.
e - a scroll labelled PARPHUNOUG
c - 2 amethyst potions (gained 1)
A hobgoblin comes into view.
You grow a pair of large bovine horns.
Your feet morph into talons.
Your transformation is almost over.
The hobgoblin shouts!
The hobgoblin barely misses you.
You hit the hobgoblin but do no damage.
You claw the hobgoblin, but do no damage.
Your headbutt misses the hobgoblin. You punch the hobgoblin.
The hobgoblin is heavily wounded.
The hobgoblin completely misses you.
You hit the hobgoblin.
You kill the hobgoblin!
As you read the scroll labelled ZUEMIPNA QACYN, it crumbles to dust.
It is a scroll of identify.
e - a scroll of acquirement Are you sure you want to abandon this character and quit the game? (Confirm with "yes".)

###### #....# ∆ ∆ .....#
# #.#..# #.##.#..#
#....#†.#
##############.#@.###.#
................!......#
.#######################
.# ♣♣♣♣♣ .# ♣♣♣...######
.#######♣♣♣♣..........+
................(.....#
.................######
.###.†.................


There were no monsters in sight!

Vanquished Creatures
  A bat (D:1)
  A hobgoblin (D:1)
  A rat (D:1)
3 creatures vanquished.

Notes
Turn   | Place    | Note
-------+----------+-------------------------------------------
     0 | D:1      | valliere the Gnoll Transmuter began the quest for the Orb.
     0 | D:1      | Reached XP level 1. HP: 17/17 MP: 6/6
   176 | D:1      | Identified a scroll of acquirement
   177 | D:1      | Quit the game

Illustrated notes

Levels and vault maps discovered:
D:1:      sevenhm_arrival_forest_fort_large_4, layout_basic,
          nrook_loot_triangle, minmay_lizard_pond

Action                   || total
-------------------------++-------
Melee: Unarmed           ||     7
       Kick              ||     2
       Punch             ||     1
 Cast: Beastly Appendage ||     2
  Use: Scroll            ||     1
Armor: Robe              ||     2
Dodge: Dodged            ||    10
